AoeStats
← Cheario

Nomad

509535747Analyzed
3v3 RM · 6d ago on Sep 27, 2026· 34m 13s· 6 players
Game mode
Random Map
Map size
210×210
Population
200
Speed
Normal
Resources
Standard
Victory
Conquest
Starting age
Dark Age
Ending age
Imperial Age
RankedLock teamsTeams togetherTeam positionsShared explorationLock speedFull tech treeHidden civsTurbo modeCheats
Victory
Defeat
🇺🇸 Varangians · United States
1223
+16
🇺🇸 Saxons · United States
1216
+17
🇺🇸 Danes · United States
1215
+17
🇦🇺 Danes · Australia
1258
-18
🇺🇸 Armenians · United States
1234
-17
🇦🇷 Koreans · Argentina
1192
-15
RootBeer
5:13 Loom
15:23 Feudal Age
24:32 Castle Age
22:34 Double-Bit Axe
28:05 Bow Saw
EL TÍO TUPAKIER
4:46 Loom
13:01 Feudal Age
17:43 Castle Age
16:04 Stone Mining
16:41 Double-Bit Axe
17:34 Fletching
18:01 Fishing Lines
22:47 Bodkin Arrow
30:36 Wheelbarrow
earlitepainters
5:16 Loom
12:49 Feudal Age
13:46 Double-Bit Axe
18:31 Castle Age
16:58 Forging
16:49 Scale Mail Armor
16:36 Horse Collar
17:00 Man-at-Arms
17:27 Arson
18:31 Fishing Lines
18:54 Long Swordsman
19:30 Gambesons
21:33 Squires
23:56 Heavy Plow
27:18 Gillnets
SirH
5:07 Loom
15:55 Feudal Age
20:52 Castle Age
18:49 Stone Mining
20:13 Horse Collar
20:28 Town Watch
23:10 Wheelbarrow
22:34 Gold Mining
22:48 Squires
27:00 Scale Mail Armor
Cheario
5:28 Loom
13:29 Feudal Age
14:03 Double-Bit Axe
19:04 Castle Age
17:04 Stone Mining
19:48 Fletching
20:53 Bodkin Arrow
23:17 Murder Holes
25:32 Crossbowman
28:54 Wheelbarrow
31:01 Hand Cart
32:51 Bow Saw
32:51 Fishing Lines
33:32 Gillnets
Mordon327
5:15 Loom
15:13 Feudal Age
18:59 Castle Age
16:52 Double-Bit Axe
17:55 Forging
19:15 Wheelbarrow
19:50 Scale Mail Armor
19:38 Man-at-Arms
21:31 Bow Saw
24:29 Hand Cart
Connection lost

Rejoining the realm…

Still unreachable

The connection could not be restored.

Session expired

The server has moved on; the page needs a fresh start.